 Dungeon Crawl Stone Soup version 0.31-a0-826-ga5cc291a1b (webtiles) character file.

Game seed: 1579818483749000569

882 qw the Skirmisher (level 8, -4/49 HPs)
             Began as a Gargoyle Hunter on Sept 23, 2023.
             Shot with an arrow by a centaur (7 damage)
             ... on level 5 of the Dungeon.
             The game lasted 00:01:20 (2982 turns).

qw the Skirmisher (Gargoyle Hunter)                 Turns: 2982, Time: 00:01:20

Health: -4/49      AC: 12    Str: 16    XL:     8   Next: 5%
Magic:  8/8        EV: 11    Int:  9    God:
Gold:   95         SH:  0    Dex: 15    Spells: 7/7 levels left

rFire   . . .        Y - +0 shortbow (flame)
rCold   . . .        (shield currently unavailable)
rNeg    + . .        e - +0 ring mail
rPois   inf          (no helmet)
rElec   +            (no cloak)
rCorr   .            a - +0 pair of gloves
SInv    +            (no boots)
Will    .....        (no amulet)
Stlth   +            j - ring of see invisible
HPRegen 0.28/turn    (no ring)
MPRegen 0.11/turn

%: no passive effects
@: about to teleport
A: sickness immunity, AC +5, negative energy resistance 1, electricity
resistance, torment resistance 1, petrification resistance
a: no special abilities


You were on level 5 of the Dungeon.
You visited 1 branch of the dungeon, and saw 5 of its levels.

You collected 263 gold pieces.
You spent 168 gold pieces at shops.


Innate Abilities, Weirdness & Mutations

You are immune to sickness and miasma.
Your stone body is resilient. (AC +5)
You are immune to poison.
You resist negative energy. (rN+)
You are resistant to electric shocks. (rElec)
You are resistant to unholy torment.
You are immune to petrification.


   Skills:
 - Level 5.0 Fighting
 + Level 8.3 Ranged Weapons
 - Level 2.0 Armour
 - Level 2.1 Dodging
 - Level 1.1 Stealth


You had 7 spell levels left.
You didn't know any spells.
Your spell library was empty.

Inventory:

Hand Weapons
 Y - a +0 shortbow of flaming (weapon)
Armour
 a - a +0 pair of gloves (worn)
 e - a +0 ring mail (worn)
Jewellery
 j - a ring of see invisible (left hand)
 m - a +6 ring of strength
Scrolls
 l - a scroll of revelation {unknown}
Potions
 b - 2 potions of haste
 c - a potion of might
 d - a potion of curing
 f - a potion of cancellation {unknown}
 g - a potion of magic {unknown}
 h - 2 potions of heal wounds
 i - a potion of degeneration {unknown}
 k - a potion of attraction {unknown}
 n - a potion of resistance {unknown}
 o - a potion of enlightenment {unknown}
 p - a potion of brilliance {unknown}

Dungeon Overview and Level Annotations

Branches:
Dungeon (5/15)
 Temple: D:4-7

Altars:
Elyvilon
Nemelex Xobeh
The Shining One

Shops:
D:1 (   D:3 !:

Annotations:
D:3 1 transporter


Message History

A centaur comes into view.
The centaur wields a +0 shortbow.
The centaur shoots an arrow.
The arrow hits you but does no damage.
You shoot an arrow. The arrow hits the centaur.
The arrow burns the centaur.
The centaur is lightly wounded.
The centaur shoots an arrow.
The arrow hits you!
The centaur shoots an arrow.
The arrow hits you.
You shoot an arrow.
The arrow hits the centaur but does no damage.
The centaur is lightly wounded.
The centaur shoots an arrow.
The arrow hits you but does no damage.
The centaur shoots an arrow.
The arrow hits you.
You shoot an arrow. The arrow hits the centaur.
The arrow burns the centaur.
The centaur is heavily wounded.
The centaur shoots an arrow.
The arrow closely misses you.
You shoot an arrow. The arrow hits the centaur!
The arrow burns the centaur.
The centaur is almost dead.
The centaur shoots an arrow.
The arrow barely misses you.
A centaur comes into view.
The centaur shoots an arrow.
The arrow hits you.
The centaur moves out of view.
You shoot an arrow. The arrow hits the centaur.
The arrow burns the centaur.
You kill the centaur!
You have reached level 8!
You feel stronger.
You shoot an arrow. The centaur shouts!
The arrow hits the centaur.
The arrow burns the centaur.
The centaur is moderately wounded.
The centaur wields a +0 orcbow.
The centaur shoots an arrow.
The arrow hits you!
You shoot an arrow. The arrow hits the centaur.
The arrow burns the centaur.
The centaur is heavily wounded.
The centaur shoots an arrow.
The arrow hits you.
You shoot an arrow. The arrow hits the centaur.
The arrow burns the centaur.
The centaur is severely wounded.
The centaur shoots an arrow.
The arrow hits you!
The centaur shoots an arrow.
The arrow hits you!
2982 ||| READING scroll of teleportation.
As you read the scroll of teleportation, it crumbles to dust.
You feel strangely unstable.
The centaur shoots an arrow.
The arrow hits you!
You die...

...........#
#######...........#
..................#
....).............#
........>.........#
..................#
.......####......##
.......# ######.#
.......# #@#
.......# #.# ....
#.# .... #.# ####
(.. ... ..c ....)


You could see a centaur.

Vanquished Creatures
  Duvessa (D:5)
  A centaur (D:5)
  2 ogres (D:4)
  A scorpion (D:5)
  Dowan (D:5)
  2 orc priests
  Jessica (D:2)
  An iguana (D:5)
  6 orc wizards
  8 adders
  2 worms
  3 dart slugs
  13 orcs
  6 endoplasms
  3 giant cockroaches
  6 hobgoblins
  3 jackals (D:2)
  10 kobolds
  3 quokkas
  3 ball pythons
  7 bats
  3 frilled lizards
  6 rats
92 creatures vanquished.

Notes
Turn   | Place    | Note
-------+----------+-------------------------------------------
     0 | D:1      | qw the Gargoyle Hunter began the quest for the Orb.
     0 | D:1      | Reached XP level 1. HP: 12/12 MP: 1/1
     0 | D:1      | 0 ||| qw: Version: 0.3-a-83-gcd0e7d8
     0 | D:1      | 0 ||| qw: Game counter: 1846
     0 | D:1      | 0 ||| qw: Melee chars always use a shield: true
     0 | D:1      | 0 ||| qw: God list: Okawaru
     0 | D:1      | 0 ||| qw: Allow faded altars: false
     0 | D:1      | 0 ||| qw: Do Orc after clearing Dungeon:15 true
     0 | D:1      | 0 ||| qw: Do second Lair branch before Depths: true
     0 | D:1      | 0 ||| qw: Lair rune preference: random
     0 | D:1      | 0 ||| qw: Goals: Normal
     0 | D:1      | 0 ||| PLANNING D:1-11
    45 | D:1      | Found Oggyocve's Antique Weapon Emporium.
   139 | D:1      | Reached XP level 2. HP: 14/17 MP: 2/2
   550 | D:1      | Reached XP level 3. HP: 21/21 MP: 3/3
   663 | D:1      | 663 ||| UPGRADING to +0 ring mail.
   673 | D:1      | 673 ||| DROPPING +0 leather armour.
   674 | D:1      | 674 ||| READING scroll labelled NASIGI NAXOA.
   675 | D:1      | 675 ||| DRINKING 2 emerald potions.
   676 | D:1      | 676 ||| DROPPING scroll of butterflies.
   852 | D:2      | Reached skill level 1 in Armour
   879 | D:2      | Reached skill level 5 in Ranged Weapons
   961 | D:2      | Noticed Jessica
   966 | D:2      | Killed Jessica
   967 | D:2      | Reached skill level 3 in Fighting
   967 | D:2      | Reached XP level 4. HP: 25/28 MP: 4/4
  1120 | D:2      | Found a white marble altar of Elyvilon.
  1135 | D:2      | 1135 ||| UPGRADING to +0 pair of gloves.
  1140 | D:2      | 1140 ||| READING scroll labelled INNEASTEBRI.
  1144 | D:2      | 1144 ||| READING scroll labelled RYDOGA POFEANN.
  1145 | D:2      | 1145 ||| READING scroll labelled COIPSEANOU.
  1146 | D:2      | 1146 ||| DRINKING 2 metallic puce potions.
  1165 | D:3      | Found Fecish's Distillery.
  1169 | D:3      | 1169 ||| STAIRDANCE
  1192 | D:3      | 1192 ||| BUYING potion of haste (120 gold).
  1192 | D:3      | Bought a potion of haste for 120 gold pieces
  1192 | D:3      | 1192 ||| BUYING potion of might (48 gold).
  1192 | D:3      | Bought a potion of might for 48 gold pieces
  1192 | D:3      | 1192 ||| SHOPLISTING potion of resistance (120 gold, have
                  | 27).
  1234 | D:3      | Reached XP level 5. HP: 32/32 MP: 5/5
  1257 | D:3      | Found the +5 scythe "Finisher" {speed, execute}
  1308 | D:3      | Found Gebo's Book Shop.
  1395 | D:3      | Reached skill level 6 in Ranged Weapons
  1586 | D:3      | Found a sparkling altar of Nemelex Xobeh.
  1586 | D:3      | Found a transporter.
  1587 | D:3      | Noticed a phantom
  1596 | D:3      | 1596 ||| READING scroll labelled DODEPHE YSUXTIAM.
  1597 | D:3      | 1597 ||| READING 2 scrolls labelled CINUOG ATTULA.
  1598 | D:3      | 1598 ||| DROPPING scroll of poison.
  1765 | D:4      | Reached XP level 6. HP: 37/38 MP: 6/6
  1800 | D:4      | Found a glowing golden altar of the Shining One.
  2033 | D:4      | HP: 6/38 [ogre/+0 giant spiked club (11)]
  2034 | D:4      | 2034 ||| READING scroll of teleportation.
  2035 | D:4      | 2035 ||| DRINKING 3 potions of heal wounds.
  2285 | D:4      | Reached skill level 7 in Ranged Weapons
  2386 | D:4      | Reached XP level 7. HP: 43/43 MP: 7/7
  2472 | D:4      | 2472 ||| UPGRADING to ring of see invisible.
  2473 | D:4      | 2473 ||| READING scroll labelled HIGUEGAOXE.
  2474 | D:4      | 2474 ||| READING scroll labelled JIOM TOIPLYC.
  2475 | D:4      | 2475 ||| READING scroll labelled PISTEN IPPE.
  2499 | D:5      | Entered Level 5 of the Dungeon
  2631 | D:5      | Noticed Duvessa
  2632 | D:5      | Noticed Dowan
  2635 | D:5      | Reached skill level 8 in Ranged Weapons
  2648 | D:5      | HP: 10/43 [Duvessa/+0 short sword (5)]
  2649 | D:5      | 2649 ||| READING scroll of teleportation.
  2651 | D:5      | Killed Duvessa
  2850 | D:5      | Killed Dowan
  2979 | D:5      | Reached XP level 8. HP: 28/49 MP: 8/8
  2981 | D:5      | HP: 12/49 [centaur/arrow (8)]
  2981 | D:5      | HP: 3/49 [centaur/arrow (9)]
  2982 | D:5      | 2982 ||| READING scroll of teleportation.
  2982 | D:5      | Shot with an arrow by a centaur

Levels and vault maps discovered:
D:1:      erik_arrival_blinker_ship, layout_basic, serial_shops,
          nicolae_diamond_shop, minmay_door_square
D:2:      layout_basic, basic_altar, minivault_19, uniq_jessica
D:3:      layout_rooms, grunt_nemelex_the_gamble, serial_shops,
          nicolae_shop_tiny_statue_garden, shop
D:4:      layout_loops_cross, nicolae_tso_carved_into_rock, bh_walls_and_bars
D:5:      layout_basic, uniq_crazy_yiuf_cottage, uniq_duvessa

Skill      XL: |  1  2  3  4  5  6  7 |
---------------+----------------------+-----
Armour         | 1 2 |  2.0
Ranged Weapons | 5 6 7 8 |  8.3
Fighting       | 3 4 5 |  5.0
Dodging        | 2 |  2.1
Stealth        | |  1.1

Action                     |  1- 3 |  4- 6 |  7- 9 || total
---------------------------+-------+-------+-------++-------
   Fire: Shortbow          |    94 |   154 |    84 ||   332
    Use: Scroll            |     1 |     6 |     5 ||    12
         Potion            |     1 |     2 |       ||     3
 Armour: Leather armour    |     8 |       |       ||     8
         Ring mail         |     7 |    36 |    59 ||   102
  Dodge: Dodged            |    18 |    50 |    29 ||    97

Table legend:
 A = Non-vault XP
 B = Vault XP
 C = Vault XP percentage of total XP
 D = Non-vault monster count
 E = Vault monster count
 F = Vault count percentage of total count
                 A         B        C        D         E       F
            +---------+---------+-------+---------+---------+-------
      Total |    1009 |     251 |  19.9 |      89 |       3 |   3.3
            +---------+---------+-------+---------+---------+-------
        D:1 |      36 |       0 |   0.0 |      22 |       0 |   0.0
        D:2 |      46 |      37 |  44.6 |      14 |       1 |   6.7
        D:3 |     126 |       0 |   0.0 |      23 |       0 |   0.0
        D:4 |     476 |       0 |   0.0 |      22 |       0 |   0.0
        D:5 |     325 |     214 |  39.7 |       8 |       2 |  20.0
            +---------+---------+-------+---------+---------+-------
